 Dungeon Crawl Stone Soup version 0.28-a0-843-gb979743d38 (webtiles) character file.

Game seed: 3551784709839401142

56 Ijustatesigmund the Skirmisher (level 3, 0/24 HPs)
             Began as a Gargoyle Fighter on Nov 12, 2021.
             Slain by Crazy Yiuf (4 damage)
             ... on level 2 of the Dungeon.
             The game lasted 00:02:01 (1173 turns).

Ijustatesigmund the Skirmisher (Gargoyle Fighter)   Turns: 1173, Time: 00:02:01

Health: 0/24       AC: 11    Str: 19    XL:     3   Next: 97%
Magic:  1/3        EV:  9    Int:  9    God:
Gold:   40         SH:  4    Dex:  9    Spells: 2/2 levels left

rFire   . . .      SeeInvis .   a - +0 flail
rCold   . . .      Faith    .   c - +0 buckler
rNeg    + . .      Spirit   .   b - +0 scale mail
rPois   ∞          Reflect  .   (no helmet)
rElec   +          Harm     .   (no cloak)
rCorr   .          Rampage  .   f - +0 pair of gloves
Will    .....                   (no boots)
Stlth   ..........              (no amulet)
HPRegen 0.08/turn               (no ring)
MPRegen 0.08/turn               (no ring)

@: no status effects
A: sickness immunity, AC +3, negative energy resistance 1, electricity
resistance, torment resistance 1, petrification resistance
a: no special abilities


You were on level 2 of the Dungeon.
You visited 1 branch of the dungeon, and saw 2 of its levels.

You collected 40 gold pieces.

Inventory:

Hand Weapons
 a - a +0 flail (weapon)
Missiles
 i - 12 poisoned darts (quivered)
Armour
 b - a +0 scale mail (worn)
 c - a +0 buckler (worn)
 f - a +0 pair of gloves (worn)
Jewellery
 j - a ring of fire
Scrolls
 g - a scroll of enchant armour {unknown}
 h - a scroll of teleportation {unknown}
Potions
 d - a potion of might
 e - 2 potions of haste {unknown}


   Skills:
 + Level 4.3 Fighting
 + Level 3.2 Maces & Flails
 - Level 3.2 Armour
 - Level 3.2 Shields


You had 2 spell levels left.
You didn't know any spells.
Your spell library contained the following spells:

 Spells                   Type           Power      Damage    Failure   Level
 Blade Hands              Tmut           0%         N/A       100%        5
 Irradiate                Conj/Tmut      0%         3d13      100%        5
 Dragon Form              Tmut           0%         N/A       100%        7


Dungeon Overview and Level Annotations

Branches:
Dungeon (2/15)

Altars:

Annotations:
D:2 Crazy Yiuf


Innate Abilities, Weirdness & Mutations

You are immune to sickness and miasma.
Your stone body is resilient. (AC +3)
You are immune to poison.
You resist negative energy. (rN+)
You are resistant to electric shocks. (rElec)
You are resistant to unholy torment.
You are immune to petrification.


Message History

j - a ring of fire
Things that are here:
a +0 club; a +0 robe A hobgoblin comes into view.
The hobgoblin shouts!
The hobgoblin hits you.
You sock the hobgoblin!
You kill the hobgoblin!
No target in view!
No target in view!
No target in view!
No target in view!
No target in view!
No target in view!
You now have 38 gold pieces (gained 13).
You now have 40 gold pieces (gained 2).
Found a mace.
Found a runed translucent door.
Crazy Yiuf shouts!
Crazy Yiuf whimpers, "Papa action senile!"
You open the door.
Crazy Yiuf says, "Buddy!"
You barely miss Crazy Yiuf. Crazy Yiuf barely misses you.
You barely miss Crazy Yiuf.
Crazy Yiuf hits you with a +4 quarterstaff of chaos.
Crazy Yiuf burns you.
You closely miss Crazy Yiuf.
Crazy Yiuf hits you with a +4 quarterstaff of chaos!
Crazy Yiuf burns you.
You hit Crazy Yiuf but do no damage.
Crazy Yiuf yells, "Adder!"
Crazy Yiuf hits you with a +4 quarterstaff of chaos.
Crazy Yiuf burns you.
* * * LOW HITPOINT WARNING * * *
Crazy Yiuf hits you with a +4 quarterstaff of chaos.
* * * LOW HITPOINT WARNING * * *
You feel your power leaking away.
You barely miss Crazy Yiuf. Crazy Yiuf hits you but does no damage.
You closely miss Crazy Yiuf. Crazy Yiuf hits you but does no damage.
Space warps around you.
You die...

#.# #. #.#########.
#........##.
####.....##. #.....##.
♣♣♣♣♣##.....### ###
♣♣♣.♣..#.........
#...#♣..♣..........###
#...g@♣♣♣♣.........#
#)..#♣♣ ♣♣.#..#####
### ♣♣####


You could see Crazy Yiuf.

Vanquished Creatures
  Jessica (D:2)
  3 dart slugs (D:1)
  An endoplasm (D:1)
  2 giant cockroaches (D:1)
  2 goblins
  A hobgoblin (D:2)
  2 jackals (D:1)
  2 quokkas (D:1)
  2 ball pythons (D:1)
  2 bats (D:1)
  A frilled lizard (D:1)
  2 kobolds (D:1)
  3 rats (D:1)
24 creatures vanquished.

Notes
Turn   | Place    | Note
-------+----------+-------------------------------------------
     0 | D:1      | Ijustatesigmund the Gargoyle Fighter began the quest for
                  | the Orb.
     0 | D:1      | Reached XP level 1. HP: 14/14 MP: 1/1
   142 | D:1      | Reached XP level 2. HP: 19/19 MP: 2/2
   583 | D:1      | Reached XP level 3. HP: 21/24 MP: 3/3
   862 | D:1      | Reached skill level 4 in Fighting
   979 | D:2      | Noticed Jessica
   989 | D:2      | Killed Jessica
  1163 | D:2      | Found a runed translucent door.
  1164 | D:2      | Noticed Crazy Yiuf
  1173 | D:2      | Slain by Crazy Yiuf

Illustrated notes

Levels and vault maps discovered:
D:1:      dpeg_arrival_pond, layout_loops_ring, minmay_misc_feat_chi
D:2:      layout_basic, dreamdust_ecumenical_altar_angels_and_demons,
          uniq_crazy_yiuf_cottage, uniq_jessica

Skill      XL: |  1  2  3 |
---------------+----------+-----
Fighting       | 4 |  4.3
Maces & Flails | 3 |  3.2
Armour         | |  3.2
Shields        | |  3.2

Action                   || total
-------------------------++-------
Melee: Flail             ||    85
Armor: Scale mail        ||    44
Dodge: Dodged            ||    38
Block: Buckler           ||    14

Table legend: (Time is in decaauts)
 A = Elapsed time spent in this place.
 B = Non-inter-level travel time spent in this place.
 C = Inter-level travel time spent in this place.
 D = Time resting spent in this place.
 E = Time spent auto-exploring this place.
 F = Levels seen in this place.
 G = Mean time per level.
                   A        B        C        D        E       F      G
               +--------+--------+--------+--------+--------+-----+--------+
         Total |   1197 |   1149 |     48 |    331 |    619 |   2 |  598.5 |
       Dungeon |   1197 |   1149 |     48 |    331 |    619 |   2 |  598.5 |
               +--------+--------+--------+--------+--------+-----+--------+

Top non-repeatable levels by time:
     D:1: 996 daAuts
     D:2: 201 daAuts
